General information
- name: BNet
- type: Ladder team game (AT/RT)
- host: Battle.net
- saver: SayyidQutb
map: DragonFalls
- players: 8
- length: 46:27
- speed: Fast
- version: 1.26 W3XP
- replay type: Public
» download(257 KB)
Players
team 1 (winner)
PaLpiTaN (
teal | 54 APM | 2198 actions | 40:39)
8 Paladin
3 Holy Light
3 Divine Shield
1 Resurrection
1 Devotion Aura
6 Archmage
3 Summon Water Elemental
2 Brilliance Aura
1 Mass Teleport
6 Mountain King
3 Storm Bolt
2 Bash
1 Avatar
» actions
| Assign group hotkey | 99 | |
| Basic commands | 75 | |
| Build / train | 134 | |
| ESC pressed | 9 | |
| Enter build submenu | 39 | |
| Enter hero's abilities submenu | 20 | |
| Give item / drop item | 3 | |
| Right click | 574 | |
| Select / deselect | 609 | |
| Select group hotkey | 440 | |
| Use ability | 196 | |
2198 total
» units
| Peasant | 18 | |
| Footman | 7 | |
| Knight | 13 | |
| Spell Breaker | 7 | |
| Siege Engine | 14 | |
| Goblin Zeppelin | 1 | |
| Rifleman | 15 | |
75 total
» upgrades
| Plating | 1 | |
| Swords | 1 | |
| Lumber Harvesting | 1 | |
| Masonry | 1 | |
| Animal War Training | 1 | |
| Magic Sentry | 1 | |
| Barrage | 1 | |
| Long Rifles | 1 | |
| Armor | 1 | |
| Gunpowder | 1 | |
10 total
» buildings
| Arcane Vault | 2 | |
| Lumber Mill | 1 | |
| Farm | 9 | |
| Altar of Kings | 1 | |
| Scout Tower | 10 | |
| Barracks | 2 | |
| Arcane Tower | 1 | |
| Keep | 1 | |
| Town Hall | 5 | |
| Blacksmith | 1 | |
| Guard Tower | 5 | |
| Castle | 1 | |
| Arcane Sanctum | 1 | |
| Workshop | 1 | |
41 total
» build order
00:25 Arcane Vault
00:39 Lumber Mill
00:53 Farm
01:07 Altar of Kings
01:20 Farm
01:37 Scout Tower
02:11 Barracks
02:19 Arcane Tower
02:36 Farm
02:45 Farm
04:27 Keep
04:31 Town Hall
05:06 Blacksmith
05:52 Arcane Vault
05:55 Scout Tower
05:57 Scout Tower
06:01 Scout Tower
06:04 Scout Tower
06:26 Guard Tower
06:38 Guard Tower
06:40 Guard Tower
07:03 Castle
07:36 Arcane Sanctum
08:43 Workshop
10:13 Farm
10:34 Farm
12:10 Farm
12:12 Farm
12:56 Farm
14:26 Scout Tower
14:29 Scout Tower
14:31 Scout Tower
14:34 Scout Tower
14:35 Scout Tower
15:19 Guard Tower
17:23 Guard Tower
25:00 Town Hall
29:41 Town Hall
30:56 Barracks
31:30 Town Hall
33:32 Town Hall
» items
| Boots of Speed | 3 | |
| Scroll of Town Portal | 4 | |
| Staff of Sanctuary | 1 | |
| Scroll of Regeneration | 1 | |
| Lesser Clarity Potion | 1 | |
| Potion of Healing | 1 | |
| Staff of Teleportation | 1 | |
| Potion of Lesser Invulnerability | 1 | |
13 total
r00t (
orange | 37 APM | 1700 actions | 46:27)
10 Goblin Tinker
3 Pocket Factory
3 Engineering Upgrade
1 Robo-Goblin
3 Cluster Rockets
» actions
| Assign group hotkey | 30 | |
| Basic commands | 114 | |
| Build / train | 112 | |
| ESC pressed | 2 | |
| Enter build submenu | 27 | |
| Enter hero's abilities submenu | 12 | |
| Give item / drop item | 1 | |
| Right click | 616 | |
| Select / deselect | 380 | |
| Select group hotkey | 254 | |
| Use ability | 152 | |
1700 total
» units
| Wisp | 22 | |
| Archer | 7 | |
| Huntress | 1 | |
| Dryad | 9 | |
| Faerie Dragon | 25 | |
| Druid of the Talon | 1 | |
| Goblin Shredder | 4 | |
| Hippogryph | 5 | |
| Green Drake | 1 | |
75 total
» upgrades
| Ultravision | 1 | |
| Strength of the Wild | 3 | |
| Reinforced Hides | 2 | |
| Abolish Magic | 2 | |
| Nature's Blessing | 1 | |
| Druid of the Talon Training | 1 | |
10 total
» buildings
| Altar of Elders | 1 | |
| Moon Well | 10 | |
| Ancient of War | 1 | |
| Hunter's Hall | 2 | |
| Ancient of Wonders | 1 | |
| Tree of Ages | 3 | |
| Ancient Protector | 2 | |
| Tree of Life | 5 | |
| Ancient of Lore | 2 | |
| Ancient of Wind | 2 | |
| Tree of Eternity | 1 | |
30 total
» build order
00:17 Altar of Elders
00:20 Moon Well
00:41 Ancient of War
01:50 Moon Well
03:33 Moon Well
03:36 Hunter's Hall
04:14 Ancient of Wonders
04:31 Tree of Ages
04:31 Tree of Ages
04:31 Tree of Ages
06:38 Ancient Protector
06:41 Ancient Protector
07:35 Tree of Life
08:08 Ancient of Lore
08:12 Ancient of Wind
09:11 Moon Well
09:12 Moon Well
09:14 Moon Well
11:02 Tree of Life
12:31 Tree of Eternity
17:23 Moon Well
17:24 Moon Well
17:30 Moon Well
19:10 Hunter's Hall
20:49 Ancient of Lore
21:45 Moon Well
21:55 Ancient of Wind
26:20 Tree of Life
33:31 Tree of Life
34:05 Tree of Life
» items
| Scroll of Town Portal | 2 | |
| Orb of Venom | 1 | |
| Potion of Healing | 7 | |
| Anti-magic Potion | 1 | |
| Staff of Teleportation | 1 | |
12 total

»
ASIANdom1nat1on (
yellow | 20 APM | 871 actions | 43:44)
3 Dreadlord
1 Sleep
2 Carrion Swarm
» actions
| Assign group hotkey | 1 | |
| Basic commands | 17 | |
| Build / train | 67 | |
| Enter build submenu | 32 | |
| Enter hero's abilities submenu | 3 | |
| Remove unit from queue | 2 | |
| Right click | 422 | |
| Select / deselect | 288 | |
| Use ability | 39 | |
871 total
» units
| Acolyte | 9 | |
| Ghoul | 4 | |
| Crypt Fiend | 12 | |
| Frost Wyrm | 13 | |
| Gargoyle | 5 | |
| Rifleman | 4 | |
47 total
» upgrades
» buildings
| Altar of Darkness | 2 | |
| Ziggurat | 10 | |
| Crypt | 1 | |
| Graveyard | 1 | |
| Tomb of Relics | 1 | |
| Halls of the Dead | 1 | |
| Spirit Tower | 7 | |
| Necropolis | 3 | |
| Black Citadel | 1 | |
| Sacrificial Pit | 1 | |
| Nerubian Tower | 2 | |
| Boneyard | 1 | |
| Slaughterhouse | 1 | |
32 total
» build order
00:40 Altar of Darkness
00:59 Altar of Darkness
01:08 Ziggurat
01:22 Crypt
01:41 Ziggurat
02:10 Ziggurat
03:36 Graveyard
03:49 Ziggurat
04:35 Tomb of Relics
06:12 Halls of the Dead
06:29 Spirit Tower
09:22 Necropolis
09:48 Black Citadel
10:10 Sacrificial Pit
10:19 Ziggurat
10:23 Ziggurat
11:12 Spirit Tower
11:38 Nerubian Tower
12:59 Ziggurat
13:02 Ziggurat
13:06 Ziggurat
13:20 Boneyard
13:51 Spirit Tower
14:02 Nerubian Tower
14:03 Spirit Tower
14:05 Spirit Tower
14:13 Ziggurat
14:21 Spirit Tower
19:04 Spirit Tower
19:12 Slaughterhouse
22:22 Necropolis
25:58 Necropolis
» items
SayyidQutb (
blue | 60 APM | 2792 actions | 46:27)
8 Death Knight
3 Death Coil
3 Unholy Aura
2 Death Pact
» actions
| Assign group hotkey | 46 | |
| Basic commands | 321 | |
| Build / train | 87 | |
| Enter build submenu | 30 | |
| Enter hero's abilities submenu | 8 | |
| Give item / drop item | 6 | |
| Right click | 799 | |
| Select / deselect | 383 | |
| Select group hotkey | 910 | |
| Use ability | 202 | |
2792 total
» units
| Acolyte | 8 | |
| Ghoul | 5 | |
| Crypt Fiend | 3 | |
| Goblin Shredder | 2 | |
| Goblin Zeppelin | 3 | |
| Frost Wyrm | 7 | |
| Green Dragon | 7 | |
| Gargoyle | 14 | |
| Goblin Sapper | 3 | |
52 total
» upgrades
| Creature Attack | 3 | |
| Web | 1 | |
| Burrow | 1 | |
| Creature Carapace | 3 | |
| Freezing Breath | 1 | |
9 total
» buildings
| Crypt | 2 | |
| Ziggurat | 10 | |
| Altar of Darkness | 1 | |
| Graveyard | 1 | |
| Halls of the Dead | 1 | |
| Tomb of Relics | 1 | |
| Black Citadel | 1 | |
| Sacrificial Pit | 1 | |
| Spirit Tower | 1 | |
| Boneyard | 3 | |
| Necropolis | 1 | |
23 total
» build order
00:08 Crypt
00:11 Ziggurat
00:35 Altar of Darkness
01:48 Ziggurat
02:04 Graveyard
02:35 Ziggurat
02:51 Halls of the Dead
04:44 Tomb of Relics
06:55 Ziggurat
06:55 Ziggurat
06:56 Ziggurat
07:00 Black Citadel
07:29 Sacrificial Pit
08:56 Spirit Tower
09:30 Boneyard
09:47 Boneyard
10:43 Boneyard
13:14 Ziggurat
14:53 Crypt
15:47 Ziggurat
15:48 Ziggurat
26:34 Ziggurat
30:35 Necropolis
» items
| Rod of Necromancy | 1 | |
| Potion of Mana | 2 | |
| Orb of Corruption | 1 | |
| Scroll of Town Portal | 6 | |
| Scroll of Healing | 2 | |
| Periapt of Vitality | 1 | |
| Staff of Teleportation | 1 | |
14 total
team 2 (loser)
thtcrazykush (
purple | 39 APM | 925 actions | 23:39)
6 Priestess of the Moon
2 Searing Arrows
3 Trueshot Aura
1 Starfall
» actions
| Build / train | 95 | |
| Enter build submenu | 30 | |
| Enter hero's abilities submenu | 6 | |
| Give item / drop item | 4 | |
| Remove unit from queue | 2 | |
| Right click | 354 | |
| Select / deselect | 381 | |
| Use ability | 53 | |
925 total
» units
| Wisp | 32 | |
| Huntress | 10 | |
| Hippogryph | 8 | |
| Dryad | 19 | |
| Faerie Dragon | 2 | |
| Mountain Giant | 2 | |
| Druid of the Talon | 2 | |
75 total
» upgrades
| Strength of the Wild | 1 | |
| Abolish Magic | 1 | |
| Reinforced Hides | 1 | |
| Druid of the Talon Training | 1 | |
4 total
» buildings
| Altar of Elders | 1 | |
| Moon Well | 6 | |
| Hunter's Hall | 1 | |
| Ancient of War | 2 | |
| Ancient of Wonders | 2 | |
| Tree of Ages | 1 | |
| Tree of Eternity | 1 | |
| Tree of Life | 1 | |
| Ancient of Wind | 2 | |
| Ancient Protector | 6 | |
| Ancient of Lore | 4 | |
27 total
» build order
00:14 Altar of Elders
00:22 Moon Well
01:20 Hunter's Hall
01:45 Ancient of War
02:00 Moon Well
02:18 Ancient of War
02:29 Ancient of Wonders
02:50 Moon Well
04:53 Tree of Ages
05:26 Moon Well
07:24 Tree of Eternity
07:29 Moon Well
08:10 Tree of Life
09:41 Ancient of Wind
09:42 Ancient of Wind
09:45 Ancient Protector
09:47 Ancient Protector
10:13 Ancient Protector
10:59 Ancient of Lore
13:40 Ancient Protector
16:22 Ancient of Lore
19:56 Moon Well
20:51 Ancient of Lore
21:05 Ancient of Lore
21:11 Ancient Protector
21:14 Ancient Protector
22:14 Ancient of Wonders
» items
| Scroll of Town Portal | 3 | |
| Scroll of Protection | 1 | |
| Potion of Lesser Invulnerability | 1 | |
5 total
Egyptian_Ruler (
pink | 31 APM | 727 actions | 23:22)
6 Mountain King
3 Storm Bolt
2 Bash
1 Avatar
» actions
| Basic commands | 21 | |
| Build / train | 66 | |
| Enter build submenu | 22 | |
| Enter hero's abilities submenu | 6 | |
| Remove unit from queue | 3 | |
| Right click | 294 | |
| Select / deselect | 276 | |
| Use ability | 39 | |
727 total
» units
| Peasant | 8 | |
| Footman | 9 | |
| Dragonhawk Rider | 7 | |
| Knight | 9 | |
33 total
» upgrades
| Swords | 3 | |
| Cloud | 1 | |
| Lumber Harvesting | 1 | |
| Plating | 2 | |
| Animal War Training | 0 | |
7 total
» buildings
| Altar of Kings | 1 | |
| Barracks | 3 | |
| Farm | 9 | |
| Arcane Vault | 1 | |
| Keep | 1 | |
| Lumber Mill | 1 | |
| Gryphon Aviary | 2 | |
| Guard Tower | 3 | |
| Blacksmith | 1 | |
| Castle | 1 | |
23 total
» build order
00:08 Altar of Kings
00:17 Barracks
00:38 Farm
00:55 Farm
04:08 Arcane Vault
04:17 Farm
04:19 Keep
05:08 Lumber Mill
06:51 Gryphon Aviary
07:48 Guard Tower
07:56 Guard Tower
08:37 Guard Tower
08:44 Gryphon Aviary
09:09 Farm
09:12 Farm
09:28 Blacksmith
11:11 Farm
11:12 Farm
12:24 Castle
12:45 Barracks
14:01 Farm
14:02 Farm
16:38 Barracks
» items
| Scroll of Regeneration | 3 | |
| Ivory Tower | 6 | |
| Scroll of Town Portal | 1 | |
10 total
Airborne_Swine (
red | 39 APM | 898 actions | 23:12)
5 Blood Mage
3 Banish
2 Siphon Mana
» actions
| Assign group hotkey | 26 | |
| Basic commands | 34 | |
| Build / train | 48 | |
| ESC pressed | 4 | |
| Enter build submenu | 19 | |
| Enter hero's abilities submenu | 5 | |
| Give item / drop item | 1 | |
| Right click | 273 | |
| Select / deselect | 176 | |
| Select group hotkey | 255 | |
| Use ability | 57 | |
898 total
» units
| Peasant | 7 | |
| Footman | 5 | |
| Gryphon Rider | 13 | |
| Knight | 1 | |
| Dragonhawk Rider | 1 | |
27 total
» upgrades
| Swords | 2 | |
| Lumber Harvesting | 2 | |
| Storm Hammers | 1 | |
| Animal War Training | 1 | |
| Armor | 1 | |
7 total
» buildings
| Altar of Kings | 1 | |
| Farm | 11 | |
| Barracks | 1 | |
| Lumber Mill | 2 | |
| Keep | 1 | |
| Blacksmith | 1 | |
| Castle | 1 | |
| Gryphon Aviary | 3 | |
| Arcane Vault | 1 | |
22 total
» build order
00:03 Altar of Kings
00:04 Farm
00:47 Barracks
00:49 Farm
00:49 Farm
00:50 Farm
00:51 Farm
02:07 Lumber Mill
02:14 Lumber Mill
03:18 Keep
03:43 Blacksmith
05:34 Farm
05:36 Farm
05:37 Farm
05:41 Castle
05:43 Gryphon Aviary
05:48 Gryphon Aviary
06:46 Gryphon Aviary
09:37 Arcane Vault
09:50 Farm
09:51 Farm
09:53 Farm
» items
| Scroll of Regeneration | 4 | |
| Boots of Speed | 1 | |
| Scroll of Town Portal | 1 | |
6 total
SaddamHussein (
green | 95 APM | 4406 actions | 46:27)
9 Archmage
3 Summon Water Elemental
3 Brilliance Aura
2 Blizzard
1 Mass Teleport
» actions
| Assign group hotkey | 209 | |
| Basic commands | 209 | |
| Build / train | 208 | |
| ESC pressed | 6 | |
| Enter build submenu | 80 | |
| Enter hero's abilities submenu | 10 | |
| Give item / drop item | 9 | |
| Right click | 1804 | |
| Select / deselect | 467 | |
| Select group hotkey | 1080 | |
| Use ability | 324 | |
4406 total
» units
| Peasant | 27 | |
| Footman | 3 | |
| Gryphon Rider | 12 | |
| Dragonhawk Rider | 10 | |
52 total
» upgrades
| Masonry | 5 | |
| Swords | 3 | |
| Armor | 3 | |
| Animal War Training | 1 | |
| Storm Hammers | 1 | |
| Lumber Harvesting | 2 | |
| Cloud | 1 | |
| Barrage | 1 | |
| Backpack | 1 | |
18 total
» buildings
| Altar of Kings | 2 | |
| Barracks | 1 | |
| Farm | 15 | |
| Arcane Vault | 2 | |
| Town Hall | 3 | |
| Keep | 4 | |
| Scout Tower | 48 | |
| Lumber Mill | 2 | |
| Guard Tower | 37 | |
| Castle | 8 | |
| Gryphon Aviary | 4 | |
| Blacksmith | 2 | |
| Workshop | 1 | |
| Cannon Tower | 7 | |
136 total
» build order
00:59 Altar of Kings
01:00 Barracks
01:01 Farm
01:06 Farm
01:45 Farm
02:01 Arcane Vault
02:17 Farm
03:56 Town Hall
04:37 Keep
04:37 Keep
06:06 Town Hall
06:45 Scout Tower
06:47 Scout Tower
06:51 Scout Tower
06:53 Scout Tower
07:30 Lumber Mill
07:34 Scout Tower
07:47 Scout Tower
07:48 Scout Tower
07:50 Scout Tower
07:51 Scout Tower
07:52 Scout Tower
07:56 Scout Tower
08:35 Guard Tower
08:36 Guard Tower
08:36 Guard Tower
09:21 Castle
09:22 Castle
09:22 Castle
09:27 Guard Tower
09:27 Guard Tower
09:47 Scout Tower
09:48 Scout Tower
09:49 Scout Tower
09:51 Scout Tower
09:53 Scout Tower
10:20 Guard Tower
10:20 Guard Tower
10:21 Guard Tower
10:21 Guard Tower
10:23 Guard Tower
10:23 Guard Tower
11:32 Gryphon Aviary
11:33 Gryphon Aviary
11:34 Gryphon Aviary
11:35 Gryphon Aviary
12:22 Blacksmith
12:57 Scout Tower
12:57 Scout Tower
13:06 Scout Tower
13:06 Scout Tower
13:08 Scout Tower
13:10 Scout Tower
13:14 Scout Tower
13:41 Guard Tower
13:42 Guard Tower
13:43 Guard Tower
19:11 Scout Tower
19:12 Scout Tower
19:13 Scout Tower
19:15 Scout Tower
19:16 Scout Tower
19:40 Guard Tower
19:40 Guard Tower
19:41 Guard Tower
19:46 Guard Tower
20:00 Scout Tower
20:01 Scout Tower
20:02 Scout Tower
20:59 Guard Tower
21:26 Farm
24:12 Scout Tower
24:13 Scout Tower
24:14 Scout Tower
24:15 Scout Tower
24:17 Scout Tower
24:19 Scout Tower
24:22 Scout Tower
24:25 Scout Tower
24:26 Scout Tower
24:27 Scout Tower
24:28 Scout Tower
24:29 Scout Tower
25:13 Guard Tower
25:13 Guard Tower
25:14 Guard Tower
25:37 Guard Tower
25:37 Guard Tower
25:59 Guard Tower
26:00 Guard Tower
26:00 Guard Tower
26:00 Guard Tower
26:02 Scout Tower
26:03 Scout Tower
26:05 Scout Tower
26:06 Scout Tower
26:07 Scout Tower
26:11 Workshop
26:39 Cannon Tower
26:39 Cannon Tower
26:40 Cannon Tower
26:40 Cannon Tower
32:08 Farm
32:17 Farm
32:19 Farm
32:20 Farm
32:21 Farm
32:23 Farm
32:25 Farm
33:13 Altar of Kings
35:12 Farm
35:48 Keep
35:48 Keep
38:22 Castle
38:22 Castle
39:33 Blacksmith
39:36 Arcane Vault
40:33 Lumber Mill
41:48 Town Hall
46:10 Farm
46:12 Farm
» items
| Scroll of Regeneration | 8 | |
| Staff of Teleportation | 1 | |
| Periapt of Vitality | 1 | |
| Potion of Invisibility | 3 | |
| Tome of Retraining | 2 | |
| Lesser Clarity Potion | 1 | |
| Scroll of Town Portal | 5 | |
| Orb of Venom | 1 | |
| Mechanical Critter | 3 | |
| Anti-magic Potion | 1 | |
| Potion of Healing | 5 | |
| Staff of Sanctuary | 1 | |
32 total
Chat log
(00:10 / All) SaddamHussein: AsianDomination? This is a Muslim world
(00:15 / Allies) ASIANdom1nat1on: lol
(00:15 / All) SaddamHussein: BEHEAD THOSE WHO INSULT ISLAM!
(00:22 / All) Egyptian_Ruler: uhh
(00:23 / All) ASIANdom1nat1on: lol
(00:25 / All) Egyptian_Ruler: ok...
(00:32 / Allies) ASIANdom1nat1on: he be first to die
(00:38 / All) Airborne_Swine: we don't insult islam, just muslims
(00:43 / All) Egyptian_Ruler: lol
(01:29 / Allies) ASIANdom1nat1on: undead bot lol
(01:40 / All) Airborne_Swine: ok, i lied. i have met a few muslim, they are ok
(01:53 / Allies) ASIANdom1nat1on: blue what you goin for?
(01:54 / All) SaddamHussein: But none are as great as the mighty SADDAM HUSSEIN!
(02:33 / All) Airborne_Swine: some english lessons would help you realize the trud definition of great
(02:40 / All) SaddamHussein: The trud definition
(02:48 / All) SaddamHussein: Thanks for the English coaching
(03:01 / All) Airborne_Swine: and the WC3 schooling too =]
(03:02 / Allies) ASIANdom1nat1on: blue what you goin for
(03:05 / All) SaddamHussein: LOL
(03:09 / All) SayyidQutb: Saddam was a great person
(03:15 / All) SayyidQutb: RIP
(03:20 / All) SayyidQutb: Killed by American pigs
(03:25 / Allies) ASIANdom1nat1on: BLUE WHAT ARE YOU BUILDING
(03:26 / All) Airborne_Swine: terrible but great?
(03:27 / All) SaddamHussein: He wanted to trade oil for the euro rather than USD
(03:29 / All) SaddamHussein: and was killed for it
(03:46 / All) Egyptian_Ruler: only "good" thing about him was his dictatorship and keeping religion in line. he killed extremist muslims
(04:04 / All) thtcrazykush: well dont fuck us
(04:14 / All) SayyidQutb: RIP Saddam Hussein and Osama bin Laden, murdered by the most evil empire in human history
(05:28 / Allies) SayyidQutb: thanks
(05:38 / Allies) PaLpiTaN: take it
(05:54 / Allies) SayyidQutb: most people would tk you yellow
(06:06 / Allies) ASIANdom1nat1on: why?
(06:15 / Allies) SayyidQutb: you looted my kills and leeched my exp
(06:20 / Allies) ASIANdom1nat1on: sorry
(06:22 / Allies) ASIANdom1nat1on: im new
(08:34 / Allies) r00t: ugh
(08:40 / Allies) ASIANdom1nat1on: green jack
(08:41 / Allies) SayyidQutb: lumber
(09:00 / All) ASIANdom1nat1on: asshole green
(09:16 / All) SaddamHussein: I took your wand
(09:19 / All) SaddamHussein: now I can sell it for some nice cash
(09:29 / Allies) r00t: gold plz teal
(09:31 / All) ASIANdom1nat1on: you do know imma kill you first
(09:35 / Allies) SayyidQutb: lumber
(09:36 / All) SaddamHussein: lol
(11:00 / All) SaddamHussein: Nice mine yellow
(11:17 / Allies) SayyidQutb: m,ove fiends back
(11:20 / Allies) ASIANdom1nat1on: help
(11:21 / All) SaddamHussein: Nice other mine yellow
(12:03 / All) SaddamHussein: Like I said
(12:06 / Allies) ASIANdom1nat1on: im out
(12:07 / All) SaddamHussein: This is a muslim world
(12:14 / All) SaddamHussein: We will behead those who insult Islam
(12:22 / All) ASIANdom1nat1on: dude stfu
(12:25 / Allies) ASIANdom1nat1on: nogaf
(12:38 / Allies) ASIANdom1nat1on: need gold
(12:40 / Allies) r00t: well done
(12:51 / Allies) ASIANdom1nat1on: ty
(13:37 / Allies) ASIANdom1nat1on: first game ever and i get raped
(15:53 / Allies) r00t: people ciming?
(16:10 / Allies) SayyidQutb: lumber
(16:42 / Allies) ASIANdom1nat1on: gg
(17:50 / Allies) ASIANdom1nat1on: stop
(17:54 / Allies) ASIANdom1nat1on: stop taking those trees
(18:21 / Allies) r00t: fight
(18:25 / Allies) r00t: tanks will win vs red
(18:30 / All) SayyidQutb: Red you're horribly
(19:19 / Allies) ASIANdom1nat1on: dude stop
(19:25 / Allies) SayyidQutb: what
(19:28 / Allies) SayyidQutb: stop
(19:34 / All) SayyidQutb: are you for real yellow?
(19:39 / All) SayyidQutb: Fucking faggot just kileld my shreddar
(19:47 / Allies) SayyidQutb: I was buying attacking the enemy you fucking moron
(20:29 / Allies) SayyidQutb: why the fuck would you kill my shreddar anyway idiot
(20:41 / Allies) r00t: b
(20:42 / Allies) ASIANdom1nat1on: i warnd you multiple times
(20:51 / Allies) r00t: of what?
(21:06 / Allies) ASIANdom1nat1on: not to take my trees
(21:15 / All) ASIANdom1nat1on: blue team kills g
(21:18 / All) ASIANdom1nat1on: gg
(21:24 / All) SayyidQutb: stfu bitch and lkkeave
(21:26 / Allies) PaLpiTaN: dude come on
(21:27 / Allies) PaLpiTaN: stop
(21:34 / All) SayyidQutb: fucking leech my exp steal my items and then kill my shreddar like they're your trees
(21:38 / Allies) r00t: did not see that one coming
(21:39 / Allies) ASIANdom1nat1on: you killed 1500g and 600l worth
(21:43 / Allies) PaLpiTaN: then play man
(22:08 / Allies) ASIANdom1nat1on: you dumbass noob you waste 2k worht of resources for 500g
(22:13 / Allies) ASIANdom1nat1on: grow a piar
(22:15 / Allies) SayyidQutb: stfu and leave
(22:15 / Allies) ASIANdom1nat1on: pair
(22:31 / Allies) ASIANdom1nat1on: you should team killer noob
(22:57 / Allies) ASIANdom1nat1on: obviously dont know the cost of frost wyrms
(23:21 / Allies) ASIANdom1nat1on: 10k down the drain you noob
(24:13 / Allies) SayyidQutb: you're pathetic
(24:36 / Allies) ASIANdom1nat1on: only if you actually knew how to play
(24:37 / Allies) ASIANdom1nat1on: noob
(24:39 / Allies) SayyidQutb: leave noobie
(24:47 / Allies) ASIANdom1nat1on: cant even spell noob
(24:56 / Allies) SayyidQutb: stfu and leave nooie
(25:13 / All) ASIANdom1nat1on: your lucky blue is team killing like a noob
(25:31 / All) r00t: really really lucky
(25:34 / All) SaddamHussein: It was rigged from the start
(25:41 / All) SaddamHussein: We are both 0-0 with Arab names you fool
(25:45 / All) ASIANdom1nat1on: nah blue is a retard
(25:50 / All) SaddamHussein: We were in it together
(26:10 / All) ASIANdom1nat1on: if you attk blue main base he is defensless
(26:51 / Allies) ASIANdom1nat1on: blue you are a noob
(26:53 / Allies) ASIANdom1nat1on: no elo lo;
(26:54 / Allies) ASIANdom1nat1on: lol
(27:10 / Allies) r00t: i'm going around
(27:13 / All) SayyidQutb: I raped you easily what's your excuse
(27:20 / Allies) ASIANdom1nat1on: team killing?
(27:29 / Allies) ASIANdom1nat1on: yeah you raped me alright dumbass
(27:35 / Allies) ASIANdom1nat1on: now teamkilling teal?
(27:41 / Allies) ASIANdom1nat1on: scrub
(28:13 / Allies) ASIANdom1nat1on: kid you need to get a life and not get mad at a game
(28:19 / Allies) ASIANdom1nat1on: get a job and a wife
(28:35 / All) SayyidQutb: I keep hearing the cries of a noobie it's like listening to nails on a chalkboard
(28:57 / Allies) ASIANdom1nat1on: lol you say that but the real noobs are the ones with no elo
(28:58 / Allies) ASIANdom1nat1on: aka you
(29:10 / All) SayyidQutb: better than sub 50%
(29:22 / Allies) ASIANdom1nat1on: lol you are not even 1 elo
(29:24 / Allies) ASIANdom1nat1on: i checked dumbass
(29:32 / All) SayyidQutb: his excuse for robbing me of my items and leeching exp was that he was new
(29:40 / Allies) ASIANdom1nat1on: yeah TROLOLOL
(29:43 / Allies) ASIANdom1nat1on: dumbass
(29:45 / All) SayyidQutb: What a cunt, you have no integrity like a typical chink
(29:50 / Allies) ASIANdom1nat1on: you never asked for gld mine
(29:52 / Allies) r00t: heal my hero teal
(29:54 / Allies) r00t: <3
(29:55 / Allies) ASIANdom1nat1on: so i leech noob
(30:18 / All) SayyidQutb: You leech because your beady eyed little chink boya
(30:33 / Allies) ASIANdom1nat1on: rather that then blow myself up?
(30:42 / Allies) ASIANdom1nat1on: and my iq is higher
(30:46 / Allies) ASIANdom1nat1on: more money
(30:51 / Allies) ASIANdom1nat1on: yeah better
(31:10 / All) SayyidQutb: 4 inch wang lol
(31:13 / All) SayyidQutb: probably your name
(31:16 / Allies) ASIANdom1nat1on: lol oj in a lvl 10 farming
(31:37 / Allies) ASIANdom1nat1on: you would know do you suck dicks often?
(32:33 / Allies) ASIANdom1nat1on: you really should not get mad at pc games kid
(32:37 / Allies) ASIANdom1nat1on: its called get a life
(32:47 / All) SayyidQutb: why are you even still here
(32:54 / Allies) ASIANdom1nat1on: you even build shit for your hero
(33:47 / Allies) ASIANdom1nat1on: lol blue even though you are team killing you still suck
(34:00 / Allies) ASIANdom1nat1on: AA will counter your ass so hard
(35:13 / Allies) ASIANdom1nat1on: you dont even have the balls to fight the enem
(35:23 / Allies) SayyidQutb: why are you talking to yourself
(35:34 / Allies) ASIANdom1nat1on: because the only guys you can kill are your team that doesnt fight back
(35:37 / Allies) ASIANdom1nat1on: noob much?
(35:49 / Allies) SayyidQutb: yeah you were easy as hell
(36:05 / Allies) ASIANdom1nat1on: yeah thats why i didnt try to fight back
(36:09 / Allies) ASIANdom1nat1on: sooooo easy
(36:11 / Allies) ASIANdom1nat1on: dumabss
(36:14 / Allies) ASIANdom1nat1on: dumbass
(36:21 / Allies) ASIANdom1nat1on: learn to play
(36:39 / Allies) ASIANdom1nat1on: go play skirmish then get some elo then 1v1
(36:41 / Allies) ASIANdom1nat1on: noob
(37:45 / All) SayyidQutb: great
(37:46 / All) ASIANdom1nat1on: blue proves the stereo type of being a indian trash that no no one wants
(37:49 / Allies) ASIANdom1nat1on: shitty connection
(38:06 / Allies) ASIANdom1nat1on: you should learn how to set of some
(38:08 / Allies) ASIANdom1nat1on: wifi
(38:45 / Allies) ASIANdom1nat1on: you build a gm but dont put ac on em lol
(38:47 / Allies) ASIANdom1nat1on: noob
(38:57 / Allies) ASIANdom1nat1on: lol oj
(39:07 / Allies) ASIANdom1nat1on: you can just report
(39:19 / Allies) SayyidQutb: I had it queued idiot
(39:34 / Allies) ASIANdom1nat1on: suree
(39:55 / Allies) r00t: heal plz
(40:07 / Allies) ASIANdom1nat1on: you must have no life if you only attk teamates and not win every game
(40:17 / Allies) ASIANdom1nat1on: you are probably
(40:18 / All) SayyidQutb: you must have no life yourself since you're still here at 0/0 food
(40:21 / Allies) r00t: 1 more hit plz
(40:27 / Allies) ASIANdom1nat1on: A: fat fuck thats 20
(40:37 / Allies) ASIANdom1nat1on: B:15 years old and single
(40:47 / Allies) ASIANdom1nat1on: or D: all of the above
(42:46 / Allies) ASIANdom1nat1on: lol oj you whats funny
(42:53 / Allies) ASIANdom1nat1on: blue will still lose to green
(42:58 / All) SaddamHussein: This was a close game
(43:00 / All) SayyidQutb: no shit
(43:02 / All) SayyidQutb: he is my friend
(43:16 / Allies) ASIANdom1nat1on: WHAT YOU HAVE A FRIEND?
(43:23 / Allies) SayyidQutb: 1 more than you have
(43:28 / All) ASIANdom1nat1on: so you rely on cheating to win becuase you suck so much?
(43:38 / Allies) ASIANdom1nat1on: you must suck balls then
(45:25 / All) SayyidQutb: you fought hard orange
(45:28 / All) SayyidQutb: but you lose all the same